 Dungeon Crawl Stone Soup version 0.16-a0-4072-gc5a8185 (webtiles) character file.

8496 Medar the Spear-Bearer (level 11, -1/75 HPs)
             Began as a Formicid Fighter on Feb 21, 2015.
             Was a High Priest of Makhleb.
             Slain by a sun demon (15 damage)
             ... summoned by a kobold demonologist
             ... on level 11 of the Dungeon.
             The game lasted 00:30:08 (9319 turns).

Medar the Spear-Bearer (Formicid Fighter)           Turns: 9319, Time: 00:30:08

Health: -1/75      AC: 13    Str: 26      XL:     11   Next: 56%
Magic:  26/26      EV:  7    Int: 14 (17) God:    Makhleb [*****.]
Gold:   334        SH: 12    Dex: 10      Spells: 1 memorised, 8 levels left

rFire  . . .     SeeInvis +     a - +4 halberd (elec)
rCold  . . .     Clarity  +     f - +0 plate armour
rNeg   . . .     SustAb   .     Q - +0 shield
rPois  +         Gourm    .     (helmet unavailable)
rElec  .         Spirit   .     I - +0 cloak
rCorr  .         Warding  .     u - +0 pair of gloves
rMut   .         Stasis   +     (no boots)
MR     +++..     NoCast   +     E - amulet "Tyisisye" {Clar -Cast MR++ Int+3 Stlth+}
Stlth  ..........               U - +3 ring of strength
                                M - ring of poison resistance (curse)

@: brilliant, extremely resistant to hostile enchantments, extremely unstealthy
A: permanent stasis, dig shafts and tunnels, four strong arms, antennae 3
a: Dig, Shaft Self, Minor Destruction, Lesser Servant of Makhleb, Major
Destruction, Greater Servant of Makhleb, Renounce Religion


You were on level 11 of the Dungeon.
You worshipped Makhleb.
Makhleb was extremely pleased with you.
You were not hungry.

You visited 1 branch of the dungeon, and saw 11 of its levels.
You also visited: Sewer and Bailey.

You collected 574 gold pieces.
You spent 240 gold pieces at shops.

Inventory:

Hand weapons
 a - a +4 halberd of electrocution (weapon)
 b - a +3 quarterstaff of chaos
 c - a +0 blowgun
 e - a cursed +2 whip of electrocution
 m - the +8 dagger of Moderation {vamp, rF+ Int+2 Dex+3, unknown}
   (You found it on level 8 of the Dungeon)

   It inflicts no extra harm, but heals its wielder somewhat when it strikes a
   living foe.
   It affects your intelligence (+2).
   It affects your dexterity (+3).
   It protects you from fire.
 p - a +0 halberd
Missiles
 R - 7 curare-tipped needles
 Y - 9 poisoned needles
Armour
 f - a +0 plate armour (worn)
 u - a +0 pair of gloves (worn)
 I - a +0 cloak (worn)
 Q - a +0 shield (worn)
 W - the +0 leather armour of the Shore {rPois Int+5}
   (You found it on level 8 of the Dungeon)

   It affects your intelligence (+5).
   It protects you from poison.
Magical staves
 F - an uncursed staff of cold
Jewellery
 q - an uncursed ring of positive energy
 E - the amulet "Tyisisye" (around neck) {Clar -Cast MR++ Int+3 Stlth+}
   (You found it on level 5 of the Dungeon)

   [amulet of clarity]

   It provides mental clarity.
   It affects your intelligence (+3).
   It affects your resistance to hostile enchantments.
   It prevents spellcasting.
   It makes you more stealthy.
 M - a cursed ring of poison resistance (left hand)
 U - a +3 ring of strength (right hand)
 X - an uncursed ring of fire
Magical devices
 i - a wand of teleportation (9)
 s - a wand of disintegration (14)
 N - a wand of magic darts (31)
Scrolls
 g - a scroll of immolation
 y - 4 scrolls of enchant weapon
 C - a scroll of magic mapping
 J - a scroll of summoning {unknown}
 L - a scroll of holy word {unknown}
 O - a scroll of identify {@r2}
 P - a scroll of recharging
 T - 3 scrolls of remove curse {@r1}
 Z - a scroll of amnesia
Potions
 h - 3 potions of cure mutation {!q}
 j - a potion of cancellation
 k - a potion of beneficial mutation
 l - a potion of ambrosia
 n - 4 potions of might
 o - 4 potions of agility {unknown}
 r - a potion of lignification
 t - 3 potions of heal wounds {unknown}
 w - 3 potions of brilliance
 z - 12 potions of curing {unknown}
 A - 2 potions of poison {unknown}
 B - 2 potions of magic
 G - a potion of resistance
 H - 2 potions of restore abilities
Comestibles
 d - 8 bread rations
 v - 3 beef jerkies
 x - 2 meat rations
 D - 4 fruits
 K - 7 slices of pizza


   Skills:
 - Level 3.2 Fighting
 + Level 13.4 Polearms
 - Level 3.2 Armour
 - Level 9.0 Shields
 + Level 9.4 Invocations


You had 8 spell levels left.
You knew the following spells:

 Your Spells              Type           Power        Failure   Level  Hunger
i - Cure Poison           Pois           #.........   75%         2    ###....


Dungeon Overview and Level Annotations

Branches:
Dungeon (11/15)            Temple (0/1) D:5
   Lair: D:8-11         Orc: D:9-12

Altars:
Kikubaaqudgha
Makhleb
Okawaru
Sif Muna
Yredelemnul

Shops:
D:10 =


Innate Abilities, Weirdness & Mutations

You are under a permanent stasis effect.
You can dig through walls and to a lower floor.
Your four strong arms can wield two-handed weapons with a shield.
You have a pair of large antennae on your head (SInv).


Message History

The kobold demonologist casts a spell.
You block the kobold's attack.
You block the kobold demonologist's attack.
The sun demon hits you but does no damage.
The worker ant bites you.
You miss the kobold demonologist.
The kobold demonologist is moderately wounded.
The sun demon hits you!
You are engulfed in flames!
* * * LOW HITPOINT WARNING * * *
The worker ant closely misses you.
You block the kobold demonologist's attack.
Drink which item? (? for menu, Esc to quit)
Okay, then.
Evoke which item? (* to show all) (? for menu, Esc to quit)
Okay, then.
Drink which item? (? for menu, Esc to quit)
It was a potion of brilliance.
You feel clever all of a sudden. The sun demon hits you!
You die...

.....#####...###+#
................#....
#................#....
#...[............#....
###................#####
...........######.......
.......5...# #.?.....
#...4..K3...+ #.......
#.....Ka@.(.# #.[.....
#....4.KK..(##+###.......
#####...................
#.....###.......####
####### #########


You could see a sun demon, a hellwing, 3 kobold demonologists, a red devil, a
worker ant, a shadow imp and a kobold.

Vanquished Creatures
  Pikel (D:5)
  2 hill giants (D:10)
  2 centaur zombies (D:11)
  2 tengu conjurers (D:10)
  A troll (D:10)
  A raven (D:10)
  A deep elf mage (D:10)
  2 hogs (D:10)
  A human (D:10)
  A hungry ghost (D:10)
  4 yaks (D:10)
  A steam dragon (D:8)
  A hippogriff (D:10)
  A mottled dragon (D:11)
  2 ogres
  2 ice beasts
  A sky beast (D:10)
  An orc warrior (Bailey)
  A phantom (D:5)
  5 big kobolds (Sewer)
  2 centaurs
  12 giant frogs
  3 jellies
  A scorpion (D:8)
  12 wights
  2 hounds
  5 crimson imps
  A wasp zombie (D:11)
  2 goliath beetles
  A centaur skeleton (D:11)
  6 orc priests
  2 giant frog zombies (D:10)
  Crazy Yiuf (D:5)
  A quasit (D:8)
  3 giant frog skeletons
  9 orc wizards
  7 worker ants
  Natasha (thrice) (D:4)
  4 iguanas
  2 sheep (D:10)
  A hound skeleton (D:8)
  3 hound zombies
  2 mummies
  2 river rats
  3 worker ant zombies
  16 gnolls
  12 adders
  3 giant mites
  2 shadow imps (D:4)
  6 worms
  An adder skeleton (D:4)
  7 giant geckos
  6 oozes (Sewer)
  33 orcs
  2 bat zombies
  6 giant cockroaches
  5 goblins
  26 hobgoblins
  4 jackals (D:6)
  2 quokkas
  A ball python (Sewer)
  12 bats
  A giant gecko skeleton (D:5)
  7 giant newts
  A giant spore (D:11)
  A jackal skeleton (D:8)
  30 kobolds
  A quokka skeleton (D:8)
  11 rats
319 creatures vanquished.

Vanquished Creatures (others)
  A giant frog (D:11)
  2 giant mites (D:5)
  2 giant cockroaches (D:5)
5 creatures vanquished.

Grand Total: 324 creatures vanquished

Notes
Turn   | Place    | Note
--------------------------------------------------------------
     0 | D:1      | Medar, the Formicid Fighter, began the quest for the Orb.
     0 | D:1      | Reached XP level 1. HP: 18/18 MP: 1/1
   130 | D:1      | Reached skill level 4 in Shields
   135 | D:1      | Reached XP level 2. HP: 24/24 MP: 3/3
  1021 | D:2      | Reached XP level 3. HP: 29/29 MP: 4/4
  1147 | D:2      | Reached XP level 4. HP: 19/35 MP: 5/5
  1683 | D:3      | Reached XP level 5. HP: 41/41 MP: 7/7
  1894 | D:3      | Reached skill level 5 in Polearms
  2198 | D:4      | Noticed Natasha
  2478 | D:4      | Killed Natasha
  2478 | D:4      | Reached XP level 6. HP: 38/47 MP: 8/8
  2575 | D:4      | Noticed Natasha
  2595 | D:4      | Killed Natasha
  2816 | D:4      | Noticed Natasha
  2829 | D:4      | Killed Natasha
  2843 | D:4      | Reached skill level 6 in Polearms
  2878 | D:5      | Entered Level 5 of the Dungeon
  2936 | D:5      | Noticed Pikel
  2936 | D:5      | Noticed a slave
  2936 | D:5      | Noticed a slave
  2936 | D:5      | Noticed a slave
  2936 | D:5      | Noticed a slave
  2955 | D:5      | Killed Pikel
  2955 | D:5      | Reached skill level 8 in Polearms
  2955 | D:5      | Reached XP level 7. HP: 18/52 MP: 9/9
  2955 | D:5      | Reached XP level 8. HP: 20/58 MP: 11/11
  3066 | D:5      | Found a glowing drain.
  3126 | Sewer    | Entered a sewer
  3352 | Sewer    | Reached skill level 9 in Polearms
  3811 | D:5      | Got a steaming diamond amulet
  3812 | D:5      | Identified the amulet "Tyisisye" {Clar -Cast MR++ Int+3 Stlth+} (You found it on level 5 of the Dungeon)
  3899 | D:5      | Reached skill level 10 in Polearms
  4049 | D:5      | Found a staircase to the Ecumenical Temple.
  4099 | D:5      | Noticed Crazy Yiuf
  4111 | D:5      | Killed Crazy Yiuf
  4204 | D:5      | Reached XP level 9. HP: 64/64 MP: 12/12
  4311 | D:5      | Reached skill level 5 in Shields
  4478 | D:5      | Found a basalt altar of Yredelemnul.
  4478 | D:5      | Found an ancient bone altar of Kikubaaqudgha.
  4478 | D:5      | Found a deep blue altar of Sif Muna.
  4478 | D:5      | Found a burning altar of Makhleb.
  4484 | D:5      | Became a worshipper of Makhleb the Destroyer
  4649 | D:6      | Found an iron altar of Okawaru.
  4999 | D:6      | Acquired Makhleb's first power
  5033 | D:6      | Reached skill level 11 in Polearms
  5732 | D:7      | Acquired Makhleb's second power
  5924 | D:7      | Reached skill level 1 in Invocations
  6309 | D:8      | Reached XP level 10. HP: 50/70 MP: 14/16
  6515 | D:8      | Got a warped leather armour
  6526 | D:8      | Identified the +0 leather armour of the Shore {rPois Int+5} (You found it on level 8 of the Dungeon)
  6735 | D:8      | Got a dazzling dagger
  7223 | D:9      | Acquired Makhleb's third power
  7627 | D:10     | Entered Level 10 of the Dungeon
  7729 | D:10     | Reached skill level 12 in Polearms
  7734 | D:10     | Noticed a hill giant
  7751 | D:10     | Killed a hill giant
  7751 | D:10     | Reached skill level 5 in Invocations
  7813 | D:10     | Found a flagged portal.
  7880 | Bailey   | Entered a bailey
  8110 | Bailey   | Acquired Makhleb's fourth power
  8540 | D:10     | Reached XP level 11. HP: 75/75 MP: 23/23
  8744 | D:10     | Noticed a hill giant
  8755 | D:10     | Killed a hill giant
  8755 | D:10     | Reached skill level 13 in Polearms
  8960 | D:10     | Found Gruovoru's Jewellery Emporium.
  8984 | D:10     | Bought an uncursed ring of poison resistance for 240 gold pieces
  9069 | D:11     | Learned a level 2 spell: Cure Poison
  9111 | D:11     | Acquired Makhleb's fifth power
  9314 | D:11     | Noticed a sun demon
  9319 | D:11     | Slain by a sun demon

Action                   |  1- 3 |  4- 6 |  7- 9 | 10-12 || total
-------------------------+-------+-------+-------+-------++-------
Melee: Trident           |    86 |   256 |   671 |    58 ||  1071
       Halberd           |       |       |       |   452 ||   452
       Quarterstaff      |       |       |       |     5 ||     5
 Fire: Blowgun           |       |       |       |     6 ||     6
Invok: Lesser Servant of |       |       |       |     1 ||     1
Evoke: Wand              |       |       |       |     1 ||     1
  Use: Scroll            |     4 |     4 |     5 |     3 ||    16
       Potion            |       |     1 |     3 |     1 ||     5
  Eat: Chunk             |     1 |     6 |    12 |    12 ||    31
